[Event "Saint Louis Norm Congress-IM 2022"]
[Site "Saint Louis"]
[Date "2022.05.22"]
[Round "7.4"]
[White "Rodriguez Rivera, Pedro"]
[Black "Tokhirjonova, Gulrukhbegim"]
[Result "0-1"]
[ECO "D05"]
[WhiteElo "2197"]
[BlackElo "2337"]
[Annotator "TA"]
[PlyCount "50"]
[EventDate "2022.05.20"]
[EventType "tourn"]
[EventCountry "USA"]
[SourceTitle "playchess.com"]
[Source "ChessBase"]
[SourceQuality "1"]
[TimeControl "5400+30"]

1. d4 Nf6 2. Nf3 d5 3. e3 c5 4. c3 e6 5. Bd3 Bd6 6. Nbd2 Nc6 7. O-O O-O 8. Re1 e5 9. e4 {[%emt 0:02:33] D05: Colle System with ...e6.} cxd4 10. cxd4 Bg4 (10... exd4 $2 11. e5 $18) 11. exd5 {[%emt 0:20:05] Black is slightly better.} Nxd4 12. h3 Bh5 13. g4 Bg6 14. Bxg6 fxg6 15. Nxd4 exd4 16. Nb3 {[%emt 0:05:22] [#]} ({White should play} 16. Nf3 $15) 16... Bc7 $146 ({Stronger than} 16... Nxd5 17. Qxd4 Rf7 18. Be3 $15 (18. Qxd5 $2 Bh2+ 19. Kxh2 Qxd5 $19) (18. Rd1 $2 Qh4 $19)) (16... Nd7 $17 {Strongly threatening ...Qh4.} 17. Qxd4 Qh4) ({Predecessor:} 16... Nxd5 17. Qxd4 Nf4 18. Bxf4 Rxf4 19. Qd5+ {½-½ (19) Raedeker,B (2238)-Westerinen,H (2382) Dresden 2006}) 17. Nxd4 $15 {[%emt 0:10:20] Black must now prevent Ne6.} Qd6 (17... Nxd5 $2 18. Ne6 Qf6 19. Re2 $18) 18. Nf3 {[%emt 0:00:27] Prevents Qh2+.} Nxd5 {[%emt 0:00:42] Hoping for ...Rf7.} 19. Qb3 (19. Bg5 $1 $15) 19... Bb6 $36 {[%emt 0:04:49][%mdl 2048] Keeping White busy.} ({Much less strong is} 19... Qc5 20. Bg5 Rxf3 21. Qxf3 $18) 20. Kg2 {[%emt 0:12:46][%mdl 8192] [#] Against Qg3+} (20. Kh1 $17 Bxf2 21. Rd1) 20... Rxf3 $1 21. Kxf3 (21. Qxf3 Rf8) 21... Rf8+ {[%emt 0:01:40] Black mates.} 22. Ke2 Rxf2+ ({Worse is} 22... Bxf2 23. Rd1 Qe6+ 24. Be3 Bxe3 25. Rxd5 Bd4+ 26. Kd3 Rf3+ 27. Kxd4 $17) 23. Kd1 Kf8 24. Bg5 Ne3+ {[%emt 0:00:24][%mdl 64] [#] Discovered Attack (Double check)} 25. Kc1 Qd2+ {[%emt 0:00:07] Weighted Error Value: White=0.82/Black=0.05 (flawless)} 0-1

[Event "Saint Louis Norm Congress-IM 2022"]
[Site "Saint Louis"]
[Date "2022.05.22"]
[Round "7.5"]
[White "Ezra Paul Chambers"]
[Black "Antova, Gabriela"]
[Result "1-0"]
[ECO "C70"]
[WhiteElo "2232"]
[BlackElo "2293"]
[Annotator "TA"]
[PlyCount "79"]
[EventDate "2022.05.20"]
[EventType "tourn"]
[EventCountry "USA"]
[SourceTitle "playchess.com"]
[Source "ChessBase"]
[SourceQuality "1"]
[TimeControl "5400+30"]

1. e4 e5 2. Nf3 Nc6 3. Bb5 g6 4. c3 a6 5. Ba4 d6 6. Bxc6+ {[%emt 0:02:53] C70: Ruy Lopez: 3...a6 4 Ba4, Norwegian and Delayed Schliemann.} bxc6 7. d4 exd4 8. cxd4 {[%emt 0:00:14] The position is equal.} Bg7 9. O-O Ne7 10. Nc3 Bg4 11. Be3 {[%emt 0:01:25] [#]} Rb8 $146 ({Predecessor:} 11... O-O 12. h3 Bxf3 13. Qxf3 Qd7 14. Qe2 f5 15. f3 a5 16. Rac1 fxe4 17. fxe4 Rxf1+ 18. Qxf1 {0-1 (36) Fitzsimons,D (2372)-McNab,C (2433) Reading 2016}) 12. Rb1 O-O 13. h3 Bxf3 14. Qxf3 f5 15. exf5 (15. e5 $5) 15... Rxf5 16. Qe2 a5 17. Rbc1 Qd7 18. Rc2 Rf7 19. Ne4 Nf5 20. Qd3 h6 ({Black should play} 20... Nxe3 $15 21. fxe3 Rxf1+ 22. Kxf1 (22. Qxf1 Qe6 $15) 22... Qf7+ 23. Nf2 Qxa2 24. Rxc6 Rxb2 25. Qc4+ Qxc4+ 26. Rxc4 Bh6) 21. Nd2 Re7 22. Nf3 Qe6 23. Bc1 {[%emt 0:07:19] Black must now prevent g4.} (23. b3 $5 ) 23... Qd5 24. g4 Nxd4 ({Don't do} 24... Bxd4 25. Qc4 $16 (25. Rd1 Ne3 $16)) 25. Nxd4 {[%emt 0:01:04] aiming for Rd2.} Bxd4 26. Qxg6+ Rg7 27. Qxh6 Re8 {[%emt 0:07:34] Against Re1} 28. Be3 {[%emt 0:04:20] Dancing on a razor blade.} Re6 29. Qf4 Re4 30. Qg3 Bf6 (30... c5 $1 $11) 31. b3 $14 Qe6 32. Rc4 $1 ({But not} 32. Rxc6 Rgxg4 $1 33. hxg4 Rxg4 $15) 32... Rxc4 33. bxc4 Qxc4 34. Qf3 Rf7 35. Rb1 Qd5 (35... Be5 $11 36. Qg2 a4) 36. Rb8+ (36. Kg2 $5) 36... Kg7 $2 {[%emt 0:00:08][%mdl 8192] This move loses the game for Black.} (36... Kh7 $14 37. Kg2 Be5 38. Qxd5 cxd5) 37. Qf4 $18 {[%emt 0:01:28][%csl Ge3][%cal Rf4h6] White is clearly winning.} Qd1+ 38. Kg2 Qd5+ {[%emt 0:00:02] [#]} 39. f3 $1 Qxa2+ 40. Bd2 {[%emt 0:00:27] Weighted Error Value: White=0.10 (very precise) /Black=0.14 (very precise)} 1-0

[Event "Saint Louis Norm Congress-IM 2022"]
[Site "Saint Louis"]
[Date "2022.05.23"]
[Round "8.1"]
[White "Posthuma, Joshua"]
[Black "Antova, Gabriela"]
[Result "1-0"]
[ECO "D46"]
[WhiteElo "2405"]
[BlackElo "2293"]
[Annotator "TA"]
[PlyCount "81"]
[EventDate "2022.05.20"]
[EventType "tourn"]
[EventCountry "USA"]
[SourceTitle "playchess.com"]
[Source "ChessBase"]
[SourceQuality "1"]
[TimeControl "5400+30"]

1. d4 d5 2. c4 c6 3. Nf3 Nf6 4. e3 e6 5. Nbd2 Nbd7 6. Bd3 Be7 7. O-O O-O 8. e4 dxe4 9. Nxe4 c5 10. Nxc5 Nxc5 11. dxc5 Bxc5 12. Qe2 {[%emt 0:19:51] was the old line (12.Bg5).} b6 {[%emt 0:02:38] D46: Semi-Slav: 5 e3 Nbd7 6 Bd3, Black avoids the Meran.} 13. Rd1 {[%emt 0:03:18][%cal Od3h7] [#]} Qe7 $146 ({Predecessor:} 13... Qc7 14. Bg5 Bb7 15. Bxf6 gxf6 16. Be4 Rfd8 17. Bxb7 Qxb7 18. Rxd8+ Rxd8 19. Rd1 Rxd1+ 20. Qxd1 {0-1 (43) Melikhov,E (2292)-Romanchuk,V (2266) Chess.com INT 2022}) 14. Bg5 {[%emt 0:03:17] And now Bxf6 would win.} Bb7 {[%emt 0:00:46] The position is equal.} 15. Ne5 {[%emt 0:01:24][%cal Od3h7] [#] Black must now prevent Bxh7+!} Rfd8 16. Rd2 h6 17. Be3 Rd6 ({Better is} 17... Bb4 $15 18. Rdd1 Nd7 19. Nxd7 Rxd7) 18. a3 a5 19. Rad1 {[%emt 0:01:00] Threatens to win with Bxc5.} Rad8 20. h3 Ba8 21. Bc2 Qb7 22. Nf3 {[%emt 0:00:03] Hoping for Bxc5. Active counter play!} Rxd2 23. Rxd2 Qc7 {[%emt 0:08:48] [#]} 24. Bf4 $1 Rxd2 (24... Qe7 25. Kf1) 25. Qxd2 (25. Bxc7 $2 {too greedy.} Rxe2 26. Ba4 Rxb2 $19) 25... Qe7 26. Ne5 Ne4 27. Bxe4 Bxe4 28. Nd7 a4 29. Be3 Bxe3 30. fxe3 $11 {[%emt 0:00:04][%mdl 4096] Endgame KQB-KQN} Bc6 31. Nxb6 Qc5 32. Nc8 Qxc4 33. Qd8+ $2 {[%emt 0:01:55][%mdl 8192] A mistake that costs the game.} (33. Ne7+ $11 Kf8 34. Qd6 (34. Qd8+ Be8 $11)) 33... Kh7 $18 34. Ne7 Be8 35. Qxe8 Qc1+ 36. Kf2 Qd2+ 37. Kf3 Qd1+ 38. Kg3 Qd6+ 39. Kh4 g5+ 40. Kh5 Qd1+ 41. g4 {[%emt 0:00:05] Weighted Error Value: White=0.08 (flawless) /Black=0.57} 1-0

[Event "Saint Louis Norm Congress-IM 2022"]
[Site "Saint Louis"]
[Date "2022.05.23"]
[Round "8.2"]
[White "Tokhirjonova, Gulrukhbegim"]
[Black "Ezra Paul Chambers"]
[Result "1-0"]
[ECO "A11"]
[WhiteElo "2337"]
[BlackElo "2232"]
[Annotator "TA"]
[PlyCount "123"]
[EventDate "2022.05.20"]
[EventType "tourn"]
[EventCountry "USA"]
[SourceTitle "playchess.com"]
[Source "ChessBase"]
[SourceQuality "1"]
[TimeControl "5400+30"]

1. Nf3 d5 2. g3 Nf6 3. Bg2 c6 4. O-O Bf5 5. c4 e6 6. Qb3 Qb6 7. d3 {[%emt 0:01:35] A11: English Opening: 1...c6.} Nbd7 8. cxd5 exd5 9. Qc2 {[%emt 0:03:21][%cal Oe2e4] White has an edge.} Be7 10. Nc3 h6 11. e4 dxe4 12. dxe4 Bh7 13. Be3 Qa6 14. Rfd1 O-O 15. Qb3 {[%emt 0:03:55] e5 is the strong threat.} Nc5 16. Qb4 Qb6 17. Qc4 {[%emt 0:06:29] [#] Hoping for e5.} Qa6 (17... Bxe4 $2 18. Nxe4 Nfxe4 19. b4 $18) 18. Qxa6 {[%emt 0:06:39] White is more active.} Nxa6 {[%emt 0:00:14] [#]} 19. e5 $146 ({Predecessor:} 19. Ne5 Rfd8 20. f3 Bc5 21. Bf2 Kf8 22. Bf1 Bxf2+ 23. Kxf2 Nc5 24. b4 Ne6 25. b5 cxb5 26. Nxb5 {½-½ (60) Jumabayev,R (2654)-Ibrayev,N (2395) Almaty 2020}) 19... Ng4 20. Bd4 {[%emt 0:03:21] Threatens to win with h3.} f6 21. exf6 Nxf6 22. Re1 Bc5 23. Rad1 Rad8 24. h3 Bb6 25. Bf1 Bxd4 26. Nxd4 Nc5 27. f3 a5 28. Re5 Nfd7 29. Re7 Bg6 30. f4 Rfe8 31. Bc4+ Kf8 32. Rxe8+ Rxe8 33. f5 Bf7 34. Bxf7 Kxf7 35. Ne6 g6 36. Nd4 Nf6 37. Kg2 Re3 38. fxg6+ Kxg6 39. Nde2 b5 40. Nf4+ Kf7 41. Kf2 Re7 42. Kf3 Nfd7 43. Rd6 Ne5+ 44. Kg2 $1 Ne6 45. b3 Nxf4+ 46. gxf4 $11 {[%emt 0:00:01][%mdl 4096] Endgame KRN-KRN} Ng6 47. Kf3 (47. Rxc6 $5 Re3 48. Kf2 (48. Nxb5 Nxf4+ 49. Kf2 Rxh3 $11) 48... Rxh3 49. Nxb5 $11) 47... Re6 48. Rd7+ Ne7 49. Ra7 Rd6 50. Ne4 Rd3+ 51. Kg4 Rd4 52. Ng3 Rd5 $1 53. Rxa5 Rd3 54. Ra7 {[%emt 0:00:24] [#] aiming for Nf5.} Kf8 55. h4 Nd5 56. Ne4 Rd4 (56... Rd1 $16) 57. Kf5 $18 Ne3+ (57... Rd1 {keeps fighting.} 58. Rh7 Re1) 58. Ke5 Rd8 (58... Rd3 59. Rc7 Ng4+ 60. Kf5 Ne3+ 61. Ke6 Nd5 62. Rxc6 Nxf4+ 63. Ke5 Ne2 64. Rxh6 Re3) 59. Nf6 {[%emt 0:00:31] Strongly threatening Ke6. White is clearly winning.} Ng2 60. h5 c5 61. Nd7+ Kg8 62. Nxc5 {[%emt 0:00:11] Weighted Error Value: White=0.08 (flawless) /Black=0.14 (very precise)} (62. f5 $142 Re8+ 63. Kd6) 1-0

[Event "Saint Louis Norm Congress-IM 2022"]
[Site "Saint Louis"]
[Date "2022.05.23"]
[Round "8.3"]
[White "Lee, Alice"]
[Black "Rodriguez Rivera, Pedro"]
[Result "1/2-1/2"]
[ECO "A40"]
[WhiteElo "2344"]
[BlackElo "2197"]
[Annotator "TA"]
[PlyCount "145"]
[EventDate "2022.05.20"]
[EventType "tourn"]
[EventCountry "USA"]
[SourceTitle "playchess.com"]
[Source "ChessBase"]
[SourceQuality "1"]
[TimeControl "5400+30"]

1. d4 b6 2. c4 Bb7 3. Nc3 g6 4. e4 d6 5. Nf3 Bg7 6. Qc2 {[%emt 0:08:57] A40: Unusual replies to 1 d4.} Nd7 7. Be2 Ngf6 8. O-O {[%emt 0:02:21] White is better.} c5 {[%emt 0:03:25] [#]} 9. Rd1 $146 (9. e5 {is interesting.} Nh5 10. e6 cxd4 11. Ng5) ({Predecessor:} 9. d5 a6 10. h3 Qc7 11. Bf4 Nh5 12. Bh2 O-O 13. Nd2 e5 14. dxe6 fxe6 15. Bxh5 gxh5 {1-0 (38) Talik,P (1946)-Mazur,B (1703) Katowice 2020}) 9... cxd4 10. Nxd4 O-O 11. Be3 {[%emt 0:03:18] White is more active.} Rc8 12. f3 a6 13. Rac1 Qc7 14. b4 e6 15. Qb3 (15. Nb3 $16) 15... Qb8 $14 16. g3 Rfe8 17. Kf2 Qa8 18. Na4 d5 19. exd5 exd5 20. c5 b5 21. Nb6 (21. Nc3 $1 $14 {keeps the upper hand.}) 21... Nxb6 $17 22. cxb6 Nd7 23. Rxc8 Rxc8 24. h4 ({Better is} 24. Qb1 $15) 24... Nxb6 25. Nxb5 Nc4 (25... axb5 $17 26. Bxb6 Rc3) 26. Nd4 $15 Nxe3 27. Qxe3 Re8 28. Qd3 Qa7 (28... Qb8 {is more complex.} 29. Qd2 Qc7 30. h5 Bf6) 29. Kf1 (29. Bf1 $15) 29... Qb6 30. a3 Qd6 31. Kf2 Bc8 32. f4 Qb6 33. Bf3 Bf5 {[%emt 0:00:48] This bishop pair is nice.} 34. Qc3 Rc8 $1 {[%emt 0:03:30] Inhibits Qc5.} 35. Qe3 Be4 $36 {[%emt 0:01:48][%mdl 2048] Black is pushing.} 36. Bxe4 dxe4 37. Ne2 ({Avoid the trap} 37. Qxe4 $2 Rd8 38. Kg2 Bxd4 $19) (37. Rd2 $1 $15) 37... Qe6 $17 38. Kg2 h5 39. Rd2 {[%emt 0:00:41] Against Rc2} Rc4 40. Rd8+ Kh7 41. Rd1 (41. Qb3 $17) 41... Rc2 $19 42. Rc1 $2 {[%emt 0:01:31] [#]} (42. Rd2 Rxd2 43. Qxd2) 42... Rb2 (42... Bd4 $142 $1 43. f5 (43. Qf2 Bxf2) 43... Qxf5 $1) 43. Rf1 Rb3 44. Qc5 Rb2 45. Qe3 Rb3 46. Qc5 Rxa3 47. f5 Qa2 48. fxg6+ fxg6 49. Re1 Qb3 50. Kg1 Ra2 {[%emt 0:01:07][%cal Oa2e2] And now ...Rxe2! would win.} 51. g4 {[%emt 0:01:18] [#]} Qf3 (51... Rxe2 $142 $1 52. Rxe2 Qd1+ 53. Kf2 Bd4+ 54. Qxd4 Qxd4+ 55. Kg3 Qd3+ 56. Kf2 hxg4 57. Ke1 e3 58. Rh2 g3 59. Rg2 Qd5 60. Ke2 Qxg2+ 61. Kxe3 Qa2 62. Kf3 g2 63. Ke4 g1=Q 64. Ke5 Qe3+ 65. Kd6 Qae6+ 66. Kc7 Q3b6#) 52. gxh5 Qg4+ 53. Kf1 gxh5 54. Qe3 {[%emt 0:02:08] Against Qh3+} Rb2 ({Don't blunder} 54... Qxh4 $2 55. Qg3 Qf6+ 56. Nf4 $19) 55. Rd1 Rxb4 56. Qf4 Qh3+ 57. Kf2 $2 (57. Kg1) 57... e3+ 58. Qxe3 Qxh4+ 59. Qg3 Qf6+ 60. Qf3 Qb6+ 61. Qe3 (61. Kf1 $17 {keeps fighting.}) 61... Qg6 62. Qd3 Qxd3 63. Rxd3 {[%emt 0:00:01][%mdl 4096] Endgame KRB-KRN} a5 $2 (63... Ra4 $19 {Strongly threatening ...a5.} 64. Kf3 h4) 64. Rd5 $11 a4 {[%emt 0:00:19] aiming for ...h4.} 65. Rxh5+ Kg6 66. Ra5 Bb2 67. Ke3 a3 ({Black should play} 67... Kf6 $15) 68. Nf4+ {[%emt 0:01:04] The position is equal.} Kf7 {[%emt 0:00:15] ...Bc1+ is the strong threat.} 69. Ra7+ Ke8 {[%emt 0:00:16] ( -> ...Bd4+)} 70. Nd3 Rb5 71. Kd2 Kd8 72. Kc2 Kc8 73. Nxb2 {[%emt 0:00:07] White happily takes the draw.  Weighted Error Value: White=0.60/Black=0.65} 1/2-1/2

[Event "Saint Louis Norm Congress-IM 2022"]
[Site "Saint Louis"]
[Date "2022.05.23"]
[Round "8.4"]
[White "Yu, Jennifer"]
[Black "Proleiko, Julian"]
[Result "1-0"]
[ECO "A18"]
[WhiteElo "2257"]
[BlackElo "2204"]
[Annotator "TA"]
[PlyCount "67"]
[EventDate "2022.05.20"]
[EventType "tourn"]
[EventCountry "USA"]
[SourceTitle "playchess.com"]
[Source "ChessBase"]
[SourceQuality "1"]
[TimeControl "5400+30"]

1. c4 Nf6 2. Nc3 e6 3. e4 d5 4. cxd5 exd5 5. e5 Ne4 6. d4 {[%emt 0:00:12][%cal Bd2d4,Bd4d5,Bd5d6][%mdl 32] A18: English Opening: Flohr-Mikenas System (1 c4 Nf6 2 Nc3 e6 3 e4).} c5 (6... Bb4 $11 7. Bd2 Nc6) 7. Nxe4 $16 dxe4 8. d5 {[%emt 0:00:02] White is better.} Nd7 9. Qa4 {[%emt 0:03:54] Hoping for e6.} Qe7 {[%emt 0:00:38] Against e6} (9... Qb6 $16) 10. f4 $1 $18 {[%emt 0:06:39] [#]} g6 $146 ({Predecessor:} 10... g5 11. Qxe4 Nf6 12. Bb5+ Bd7 13. Bxd7+ Nxd7 14. Nf3 O-O-O 15. Be3 g4 16. Nd2 Kb8 {1-0 (26) Percivaldi,M (2391)-Tifferet,S (2224) New Delhi 2019}) 11. Bc4 ({Better is} 11. Qxe4 $18 {Strongly threatening d6.} Bg7 12. d6) 11... a6 $2 (11... Bg7 $16) 12. d6 Qh4+ 13. g3 Qh5 14. h3 Rb8 15. Qb3 g5 16. g4 Qg6 17. f5 Qg7 18. e6 fxe6 19. fxe6 Bxd6 {[%emt 0:00:28] ...Ne5 is the strong threat.} 20. exd7+ Bxd7 21. Ne2 h5 (21... Rf8 $142 22. Be6 (22. Qe3 h6 $18) 22... Rd8) 22. gxh5 Rxh5 23. Be6 Bb5 24. Ng3 Bxg3+ (24... Rh7 $142 25. Bf5 c4) 25. Qxg3 Rd8 26. Bg4 Rh6 {[%emt 0:00:07] [#]} 27. Qc3 $2 (27. Qe3 Rd5 28. a4 (28. Qxe4+ $2 Re5 $19) 28... Bd7 $18) (27. Bxg5 $1 Qxb2 (27... Rdd6 28. Bxh6) 28. Rd1 Rxd1+ 29. Bxd1) 27... Qc7 {[%emt 0:02:08] [#] And now ...Rd3 would win.} 28. Bxg5 $2 (28. Qe3 $1 $18) 28... Rd3 $11 29. Qc2 ({Don't go for} 29. Qxd3 $2 Bxd3 30. O-O-O (30. Bxh6 $2 Qg3+ 31. Kd2 Qf2+ 32. Kd1 Qc2+ 33. Ke1 Qg2 $19) 30... Rb6 31. Bh5+ Kf8 32. Rxd3 exd3 $19) 29... e3 $2 30. O-O $18 (30. Bxh6 $2 {leads to mate.} Qg3+ 31. Kf1 Rd1#) 30... Bc6 {[%emt 0:02:17] Against Rf3} (30... Qg3+ $142 31. Qg2 Qxg2+ 32. Kxg2 Bc6+ 33. Kg1 Rd2 34. Rf8+ (34. Bxh6 Rg2+ 35. Kh1 Rxg4+ 36. Kh2 Rg2+ 37. Kh1 Rxb2+ 38. Kg1 Rg2+ 39. Kh1 Rxa2+ 40. Kg1 Rg2+ 41. Kh1 Rg6+ 42. Kh2 Rg2+ 43. Kh1 Rg6+ 44. Kh2 Rxh6 $17) 34... Kxf8 35. Bxh6+ Kf7 36. Bxe3 Rxb2 37. Bxc5 Rg2+ 38. Kf1 Rc2) 31. Bf4 (31. Rf4 $142 Qd6 32. Raf1) 31... Qh7 32. Bxh6 {[%emt 0:00:30] White mates.} Qe4 33. Rf8+ Ke7 34. Qxc5+ {[%emt 0:00:04] Weighted Error Value: White=0.48/Black=0.98} 1-0

[Event "Saint Louis Norm Congress-IM 2022"]
[Site "Saint Louis"]
[Date "2022.05.23"]
[Round "8.5"]
[White "Marek, Matyas"]
[Black "Grabinsky, Aaron"]
[Result "0-1"]
[ECO "C01"]
[WhiteElo "2363"]
[BlackElo "2401"]
[Annotator "TA"]
[PlyCount "110"]
[EventDate "2022.05.20"]
[EventType "tourn"]
[EventCountry "USA"]
[SourceTitle "playchess.com"]
[Source "ChessBase"]
[SourceQuality "1"]
[TimeControl "5400+30"]

1. e4 e6 2. d4 d5 3. Bd3 c5 4. exd5 exd5 5. Nf3 c4 6. Be2 {[%emt 0:00:02] C01: French: Exchange Variation.} Nf6 7. O-O Be7 8. b3 {[%emt 0:00:05] The position is equal.} cxb3 9. axb3 O-O 10. c4 b6 (10... Bf5 $11 {keeps the balance.}) 11. Nc3 {[%emt 0:02:48] [#]} Bb7 $146 ({Predecessor:} 11... Bg4 12. Ne5 Bxe2 13. Nxe2 Qc7 14. Ng3 g6 15. Bf4 Bd6 16. Qf3 Re8 17. cxd5 Nbd7 18. Rac1 Qb7 19. Nxd7 {1-0 (19) Zaritovskaja,M (2040)-Ruzic,P (2049) Terme Catez 2021}) 12. Bf4 Nc6 13. Ne5 dxc4 14. Bf3 Qc8 15. bxc4 (15. Nxc4 {keeps more tension.} Na5 16. Nxa5 bxa5 17. Be5) 15... Nxe5 16. dxe5 ({Much weaker is} 16. Bxe5 $6 Bxf3 17. Qxf3 Qxc4 $15) 16... Bxf3 17. Qxf3 ({Much worse is} 17. gxf3 Bb4 18. Nd5 (18. exf6 $2 Bxc3 19. Rb1 Bxf6 $17) 18... Nxd5 19. cxd5 f6 $11) 17... Nd7 18. Nd5 Bd8 19. Rfd1 Re8 20. Qg3 Kh8 21. Rac1 Nf8 22. Be3 Qf5 23. f4 Rc8 24. Qf3 (24. Ra1 $16) 24... Ng6 (24... f6 $1 $11) 25. Bd4 ({White should try} 25. Bf2 $16) 25... f6 {[%emt 0:13:07] [#]} 26. exf6 Bxf6 27. Nxf6 gxf6 28. g3 Kg7 29. Bb2 {[%emt 0:02:49] Threatening Rd5.} Rcd8 30. Rd5 Rxd5 31. Qxd5 Ne7 32. Qf3 Rd8 33. Re1 Rd7 34. Ba3 Ng6 35. Rd1 Rxd1+ 36. Qxd1 $11 {[%emt 0:00:04][%mdl 4096] Endgame KQB-KQN} Qe6 {[%emt 0:00:10] [#] Hoping for ...Qe3+.} 37. Qd3 {[%emt 0:00:59] Against Qe3+} Nh8 38. Kf2 Nf7 39. Qd4 Nh6 {[%emt 0:00:26] White must now prevent ...Ng4+.} 40. Kf3 Qh3 41. Bb2 (41. Qd3 $11) 41... Qf1+ 42. Ke4 $2 {[%emt 0:00:17][%mdl 8192] This move loses the game for White.} (42. Qf2 $17 Qxc4 43. Qe2 Qxe2+ 44. Kxe2) 42... Qe2+ $19 {[%emt 0:01:52] Black is clearly winning.} 43. Kd5 Qg2+ 44. Ke6 Qc6+ 45. Qd6 Qxc4+ 46. Qd5 Qe2+ 47. Be5 {[%emt 0:00:07] Qd7+ would kill now.} Qg4+ 48. Kd6 Nf5+ 49. Kc7 fxe5 50. fxe5 (50. Qxe5+ $142 Kh6 51. Kc6) 50... Ne7 {[%emt 0:00:34] ( -> ...Qc8+)} 51. Qb5 Qc8+ 52. Kd6 Nf5+ 53. Kd5 Qb7+ 54. Kc4 Qe4+ 55. Kc3 Ne7 {[%emt 0:00:03] Weighted Error Value: White=0.58/Black=0.09 (flawless)} 0-1

[Event "Saint Louis Norm Congress-IM 2022"]
[Site "Saint Louis"]
[Date "2022.05.24"]
[Round "9.1"]
[White "Grabinsky, Aaron"]
[Black "Posthuma, Joshua"]
[Result "1/2-1/2"]
[ECO "B11"]
[WhiteElo "2401"]
[BlackElo "2405"]
[Annotator "TA"]
[PlyCount "135"]
[EventDate "2022.05.20"]
[EventType "tourn"]
[EventCountry "USA"]
[SourceTitle "playchess.com"]
[Source "ChessBase"]
[SourceQuality "1"]
[TimeControl "5400+30"]

1. e4 c6 2. Nf3 d5 3. Nc3 dxe4 4. Nxe4 Nf6 5. Qe2 Nxe4 6. Qxe4 Be6 {[%emt 0:00:37] B11: Caro-Kann: Two Knights Variation.} 7. c4 Nd7 8. d4 Nf6 9. Qh4 Bf5 10. Be2 e6 11. O-O Be7 12. Qf4 O-O {[%emt 0:03:09] [#]} 13. h3 $146 ({Predecessor:} 13. b3 a5 14. Bb2 a4 15. Ne5 Nd7 16. Rfd1 Nxe5 17. Qxe5 Bf6 18. Qe3 Qb6 19. Ba3 {0-1 (28) Radeva,V (2274)-Dudin,G (2395) Tornelo INT 2020}) 13... a5 14. Rd1 Bc2 15. Re1 Qb6 16. Qe3 Rfd8 (16... c5 $5 ) 17. Bd3 Bxd3 18. Qxd3 a4 19. Qc2 Qa6 20. Be3 b5 21. Rac1 bxc4 22. Qxc4 Rdb8 23. Qc2 ({But not} 23. Qxc6 Qxc6 24. Rxc6 Rxb2 $15) 23... Nd5 24. a3 {[%emt 0:00:05] Prevents Nb4.} (24. Ne5 {keeps more tension.} Bb4 25. Bd2 Bd6 26. Nc4) 24... Rb5 25. Rcd1 Qb7 26. Bc1 Bf6 27. Ne5 Ne7 28. Re4 Nf5 (28... Rd5 $5 ) 29. Qxc6 Rc8 30. Qxb7 Rxb7 31. g4 Nd6 32. Re2 h6 33. Kf1 Bxe5 34. Rxe5 Nc4 35. Rc5 Rxc5 36. dxc5 $11 {[%emt 0:00:08][%mdl 4096] [#] Endgame Hoping for Rd4. KRB-KRN} Rc7 $1 37. Rd3 Rxc5 38. Rc3 f5 39. gxf5 exf5 40. Ke2 g5 41. h4 gxh4 42. Rh3 Nxb2 43. Bxh6 Rc2+ 44. Kf1 Nc4 45. Rxh4 Kf7 46. Ke1 Nxa3 47. Rxa4 Nb5 48. Ra6 Nd4 49. Be3 Ne6 50. Kf1 f4 51. Ba7 Rc8 52. Rd6 Rd8 53. Rc6 Ra8 54. Bb6 Ra6 55. Kg2 Ng5 56. Rc7+ Kg6 57. Rb7 Ra2 58. Bd4 Kf5 59. Rb8 Rd2 60. Rb4 Ne4 61. Ba7 Ra2 62. Rb7 Ng5 63. Bb8 f3+ 64. Kg3 Ne4+ 65. Kxf3 Rxf2+ 66. Ke3 Rc2 67. Re7 Nf6 68. Kd3 {[%emt 0:00:02] Weighted Error Value: White=0.06 (flawless) /Black=0.05 (flawless)} 1/2-1/2

[Event "Saint Louis Norm Congress-IM 2022"]
[Site "Saint Louis"]
[Date "2022.05.24"]
[Round "9.4"]
[White "Ezra Paul Chambers"]
[Black "Lee, Alice"]
[Result "1/2-1/2"]
[ECO "B12"]
[WhiteElo "2232"]
[BlackElo "2344"]
[Annotator "TA"]
[PlyCount "82"]
[EventDate "2022.05.20"]
[EventType "tourn"]
[EventCountry "USA"]
[SourceTitle "playchess.com"]
[Source "ChessBase"]
[SourceQuality "1"]
[TimeControl "5400+30"]

1. e4 c6 2. d4 d5 3. e5 Bf5 4. Nd2 e6 5. Nb3 a6 6. Nf3 {[%emt 0:03:59] B12: Caro-Kann: Advance Variation.} c5 7. dxc5 Bxc5 8. Nxc5 Qa5+ 9. c3 Qxc5 10. Nd4 Ne7 {[%emt 0:00:08] [#]} 11. Nxf5 $146 ({Predecessor:} 11. Qa4+ Nbc6 12. Be3 Qa5 13. Qxa5 Nxa5 14. Nxf5 Nxf5 15. Bb6 Nc4 16. Bxc4 dxc4 17. a4 {1-0 (43) So,W (2770)-Abdusattorov,N (2627) Chess.com INT 2020}) 11... Nxf5 12. Bd3 Nc6 13. O-O O-O (13... Nxe5 $2 14. Bxf5 exf5 15. Re1 $18) 14. Qc2 (14. g4 $5 Nfe7 15. Be3 $14) 14... g6 15. b4 Qe7 16. Bf4 d4 17. a3 dxc3 18. Qxc3 Rfd8 19. Bxf5 exf5 20. Rad1 {[%emt 0:00:49] Against Nd4} Rxd1 21. Rxd1 Rd8 22. Rd6 {[%emt 0:17:27] [#]} Nxe5 $1 23. Rxd8+ Qxd8 $15 {[%emt 0:00:01][%mdl 4096] Endgame KQB-KQN} 24. h3 Nc6 25. Bh6 Nd4 ({Black should play} 25... Qd1+ $17 26. Kh2 Qd4) 26. Qe3 (26. Kh1 $11 {remains equal.}) 26... Ne6 (26... f6 $17) 27. Qa7 {[%emt 0:01:25] [#]} (27. Qe5 $11) 27... Qc8 $1 $17 ({Don't play} 27... Qd1+ $6 28. Kh2 $11) 28. g3 f4 ({Better is} 28... f6 $17 {White must now prevent ...g5.} 29. Qe3 Qd7) 29. Bxf4 $11 {[%emt 0:03:40] The position is equal.} Nxf4 30. gxf4 {[%emt 0:00:03] KQ-KQ} h5 31. Qe3 Qf5 32. Kg2 Qd5+ 33. Kg3 Kh7 34. Qe7 Qb3+ 35. Kh4 Qa2 36. Kg5 {[%emt 0:02:52] Threatens to win with Kf6.} Qd5+ 37. Kh4 Qf5 38. Kg3 Qd3+ 39. Kh4 Qc4 40. Kg5 Qd5+ 41. Kh4 Qf5 {[%emt 0:00:21] Weighted Error Value: White=0.13 (very precise) /Black=0.11 (very precise)} 1/2-1/2